 Dungeon Crawl Stone Soup version 0.21.1-1-g345015fe64 (webtiles) character file.

196 Lavandula the Magician (level 5, -5/52 HPs)
             Began as a Barachi Earth Elementalist on July 23, 2018.
             Slain by Menkaure (23 damage)
             ... on level 6 of the Dungeon.
             The game lasted 00:06:41 (1607 turns).

Lavandula the Magician (Barachi Earth Elementalist) Turns: 1607, Time: 00:06:41

Health: -5/52      AC:  2    Str: 15    XL:     5   Next: 74%
Magic:  2/11       EV: 15    Int: 16    God:
Gold:   96         SH:  0    Dex: 12    Spells: 0/13 levels left

rFire    . . .     SeeInvis .   p - +3 short sword (venom)
rCold    . . .     Gourm    .   (no shield)
rNeg     . . .     Faith    .   c - +0 robe
rPois    .         Spirit   .   (no helmet)
rElec    .         Reflect  .   (no cloak)
rCorr    .         Harm     .   (no gloves)
MR       .....                  (no boots)
Stlth    ..........             (no amulet)
HPRegen  0.17/turn              i - +3 ring of evasion
MPRegen  0.12/turn              (no ring)

@: berserking, quick
A: +LOS, swims, slowness 1, strong legs 1
a: Hop


You were on level 6 of the Dungeon.
You were not hungry.

You visited 1 branch of the dungeon, and saw 5 of its levels.
You also visited: Ossuary.

You collected 96 gold pieces.

Inventory:

Hand Weapons
 m - a +0 dagger of protection
 p - a +3 short sword of venom (weapon)
Armour
 a - a +0 ring mail
 c - a +0 robe (worn)
 h - a +1 ring mail of fire resistance
Jewellery
 i - a +3 ring of evasion (left hand)
Scrolls
 b - a scroll of remove curse {unknown}
 f - a scroll of teleportation
 g - 2 scrolls of amnesia
 j - 7 scrolls of random uselessness {unknown}
 l - a scroll of fear {unknown}
 n - 2 scrolls of enchant armour
 s - 2 scrolls of immolation {unknown}
 t - 2 scrolls of noise {unknown}
 u - a scroll of enchant weapon
Potions
 k - 3 potions of curing {unknown}
 o - a potion of berserk rage
 q - 2 potions of resistance
 r - a potion of heal wounds
 v - a potion of haste {unknown}
Books
 e - a book of Geomancy

   Spells                             Type                      Level
   a - Sandblast                      Earth                        1
   b - Passwall                       Transmutation/Earth          2
   c - Stone Arrow                    Conjuration/Earth            3
   d - Petrify                        Transmutation/Earth          4
   e - Lee's Rapid Deconstruction     Earth                        5
Comestibles
 d - 7 rations


   Skills:
 + Level 3.7 Short Blades
 - Level 2.1 Dodging
 - Level 1.7 Stealth
 - Level 4.5 Spellcasting
 - Level 1.1 Transmutations
 - Level 3.0 Earth Magic


You couldn't memorise any spells.
You knew the following spells:

 Your Spells              Type           Power        Failure   Level  Hunger
a - Sandblast             Erth           ##....       4%          1    None
b - Stone Arrow           Conj/Erth      #.....       26%         3    ###....
c - Petrify               Tmut/Erth      ##......     56%         4    ####...
d - Lee's Rapid Deconstr  Erth           ##........   77%         5    ######.


Dungeon Overview and Level Annotations

Branches:
Dungeon (4/15)
 Temple: D:4-7

Altars:

Annotations:
D:3 emmagoldmann2017's ghost, amateur GrFi
D:4 Fascinator's ghost, novice FoFi
D:6 Menkaure


Innate Abilities, Weirdness & Mutations

Shadows flee at your approach. (+LOS)
You can swim through water.
You cover ground slowly.
You can hop short distances.


Message History

Press: ? - help, Shift-Dir - straight line, f/p - Menkaure
Aim: Menkaure (severely damaged)
You don't have any stones to cast with.
Casting: Sandblast
Confirm with . or Enter, or press ? or * to list all spells.
Aiming: Stone Arrow
Press: ? - help, Shift-Dir - straight line, f/p - Menkaure
Aim: Menkaure (severely damaged)
The stone arrow misses Menkaure.
The hound bites you. The jelly hits you.
You are splashed with acid!
The acid burns!
The hound completely misses you.
Casting: Stone Arrow
Confirm with . or Enter, or press ? or * to list all spells.
You don't have enough magic to cast that spell.
Unknown command.
You aren't carrying any items that you can evoke.
Unknown command.
A red film seems to cover your vision as you go berserk!
You feel yourself moving faster!
You feel mighty! The jelly barely misses you. The hound bites you.
Menkaure hits you!!
You die...

#######+####
#..........#
#..........#
#....J@h...#
#......M...#
...#+##......#
. #......#
#......#
.......#
########


You could see Menkaure, a hound and a jelly.

Vanquished Creatures
  An orc wizard (D:4)
  An orc priest (D:4)
  4 mummies (Ossuary)
  3 adders (D:2)
  An ooze (D:2)
  An adder skeleton (D:3)
  2 worms (D:2)
  A leopard gecko (D:2)
  3 orcs (D:4)
  6 bats
  A giant cockroach (D:2)
  4 goblins
  4 hobgoblins
  2 quokkas
  A ball python (D:2)
  A frilled lizard (D:1)
  4 kobolds (D:2)
  A kobold zombie (Ossuary)
  5 rats
46 creatures vanquished.

Notes
Turn   | Place    | Note
-------+----------+-------------------------------------------
     0 | D:1      | Lavandula the Barachi Earth Elementalist began the quest for the Orb.
     0 | D:1      | Reached XP level 1. HP: 13/13 MP: 3/3
   144 | D:2      | Reached XP level 2. HP: 16/19 MP: 3/5
   146 | D:2      | Reached skill level 3 in Spellcasting
   217 | D:2      | Found a faded altar of an unknown god.
   244 | D:2      | Reached XP level 3. HP: 24/24 MP: 2/8
   274 | D:2      | Learned a level 3 spell: Stone Arrow
   405 | D:2      | Reached skill level 4 in Spellcasting
   519 | D:2      | Reached XP level 4. HP: 24/30 MP: 5/10
   653 | D:3      | Noticed emmagoldmann2017's ghost (amateur GrFi)
   940 | D:3      | Learned a level 4 spell: Petrify
  1012 | D:4      | Found a sand-covered staircase.
  1022 | Ossuary  | Entered an ossuary
  1053 | Ossuary  | Reached skill level 1 in Short Blades
  1081 | Ossuary  | Reached XP level 5. HP: 10/35 MP: 3/11
  1140 | Ossuary  | Learned a level 5 spell: Lee's Rapid Deconstruction
  1567 | D:4      | Noticed Fascinator's ghost (novice FoFi)
  1603 | D:4      | You fall through a shaft for 2 floors!
  1603 | D:6      | Noticed Menkaure
  1607 | D:6      | Slain by Menkaure

Skill      XL: |  1  2  3  4  5 |
---------------+----------------+-----
Spellcasting   | 3 4 |  4.5
Short Blades   | 2 3 |  3.7
Dodging        | |  2.1
Stealth        | |  1.7
Transmutations | |  1.1
Earth Magic    | |  3.0

Action                   |  1- 3 |  4- 6 || total
-------------------------+-------+-------++-------
Melee: Unarmed           |    22 |       ||    22
       Short sword       |       |    46 ||    46
 Cast: Sandblast         |    36 |    14 ||    50
       Stone Arrow       |     1 |     8 ||     9
 Abil: Hop               |       |     1 ||     1
  Use: Scroll            |       |     8 ||     8
       Potion            |       |     2 ||     2
  Eat: Ration            |       |     1 ||     1
Armor: Robe              |     5 |     5 ||    10
Dodge: Dodged            |    30 |    22 ||    52
